Map: Ulrena

Players

TheZergLord - Winner!

  • Race: Zerg Zerg
  • League: Master

ZolF

  • Race: Zerg Zerg
  • League: Gold

VOD

Have the link to the VOD?

Description

Time

  • Played on: Feb. 27, 2016, 11:58 a.m.
  • Length: 6:45
Show
View Real Time Build Order
Export as new Build Order

TheZergLord Zerg - Winner!

Build Orders: Pool First, Zergling Baneling 

Get SALT Encoding   

  12  0:01  Drone  
  13  0:13  Drone  
  14  0:14  Extractor  
  13  0:29  Spawning Pool  
  13  0:33  Drone  
  13  0:37  Drone  
  14  0:45  Extractor  
  14  0:46  Drone  
  15  0:55  Overlord  
  15  1:15  Metabolic Boost  
  15  1:17  Zergling x4  
  17  1:19  Zergling x2  
  18  1:29  Zergling x2  
  19  1:35  Baneling Nest  
  19  1:39  Drone  
  19  1:47  Spine Crawler  
  18  1:54  Drone  
  19  2:10  Overlord  
  19  2:17  Queen  
  21  2:25  Baneling x4  
  21  2:28  Baneling  
  21  2:34  Drone  
  20  2:54  Zergling x6  
  21  2:58  Queen  
  23  3:05  Zergling x2  
  24  3:15  Overlord  
  24  3:29  Drone x3  
  26  3:35  Baneling x6  
  26  3:43  Zergling x4  
  28  4:12  Drone x5  
  32  4:28  Overlord  
  32  4:35  Baneling x2  
  32  4:38  Hatchery  
  32  4:40  Overlord  
  31  4:59  Drone x2  
  33  5:00  Queen  
  33  5:06  Drone x3  
  38  5:09  Drone  
  39  5:18  Overlord  
  39  5:26  Extractor  
  39  5:27  Roach Warren  
  34  5:38  Zergling x2  
  34  5:42  Queen  
  37  5:51  Queen  
  37  5:52  Zergling x8  
  37  5:54  Baneling  
  43  6:02  Zergling x4  
  45  6:08  Roach  
  47  6:15  Zergling x8  
Show
View Real Time Build Order
Export as new Build Order

ZolF Zerg 

Build Orders: Pool Only 

Get SALT Encoding   

  12  0:01  Drone  
  13  0:08  Drone  
  13  0:13  Extractor  
  13  0:16  Drone  
  14  0:33  Spawning Pool  
  13  0:37  Drone  
  14  0:48  Overlord  
  14  1:07  Drone x3  
  17  1:19  Metabolic Boost  
  17  1:26  Queen  
  17  1:30  Zergling x2  
  20  1:34  Zergling x2  
  21  1:44  Zergling x2  
  22  1:54  Overlord  
  22  2:13  Zergling x4  
  22  2:14  Spine Crawler  
  23  2:29  Roach Warren  
  22  2:30  Drone  
  15  2:54  Zergling x2  
  15  2:55  Zergling x6  
  16  3:03  Drone  
  17  3:17  Roach  
  19  3:41  Roach  
  20  3:42  Overlord  
  20  3:44  Drone  
  21  4:03  Drone  
  21  4:29  Zergling x2  
  21  4:30  Zergling x2  
  23  4:47  Zergling x4  
  25  5:01  Ravager  
  25  5:04  Ravager  
  27  5:10  Zergling x2  
  22  5:39  Zergling x2  
  22  5:40  Zergling x2  
  23  5:51  Roach  
Tags
 
Add a new tag
Caveats
  • Supply blocks, unpowered buildings, or Contaminate may cause inaccurate times.
  • Supply counts are checked every 10 seconds.